Map: Jagannatha LE

Players

Massa

  • Race: Terran Terran
  • League: Platinum
  • Spawn Location: 1:00

Icon - Winner!

  • Race: Terran Terran
  • League: Diamond
  • Spawn Location: 7:00

VOD

Have the link to the VOD?

Description

Time

  • Played on: Feb. 24, 2021, 4:52 p.m.
  • Length: 18:44
Show
View Real Time Build Order
Export as new Build Order

Massa Terran 

Build Orders:  

Get SALT Encoding   

  12  0:00  SCV  
  13  0:12  SCV  
  14  0:20  Supply Depot  
  14  0:24  SCV  
  15  0:42  SCV  
  16  0:44  Barracks  
  16  0:48  Refinery  
  16  0:54  SCV  
  17  1:06  SCV  
  18  1:18  SCV  
  19  1:29  Barracks  
  19  1:33  Supply Depot  
  19  1:43  Supply Depot x2  
  19  1:46  SCV  
  20  1:49  Reaper  
  20  2:08  Orbital Command  
  20  2:16  Reaper  
  21  2:26  Reaper  
  22  2:36  SCV  
  23  2:45  Command Center  
  23  2:56  Barracks Tech Lab  
  23  2:57  SCV  
  24  3:02  Refinery  
  24  3:19  SCV  
  25  3:24  Factory  
  24  4:09  Hellion  
  24  4:14  Orbital Command  
  24  4:15  SCV  
  25  4:17  Barracks Reactor  
  25  4:23  Command Center  
  25  4:25  Engineering Bay  
  25  4:26  Starport  
  25  4:28  SCV  
  25  4:29  Marine  
  29  4:31  Hellion  
  29  4:40  SCV  
  29  4:41  SCV  
  31  4:47  Marine  
  31  4:52  SCV  
  33  4:54  SCV  
  34  5:02  Hellion  
  34  5:03  Hellion  
  34  5:04  SCV  
  34  5:06  SCV  
  40  5:08  Starport Tech Lab  
  40  5:15  Missile Turret  
  40  5:16  SCV  
  40  5:18  Missile Turret  
  41  5:22  Missile Turret  
  41  5:23  Stimpack  
  41  5:24  Hellion x2, Marine  
  46  5:43  Barracks Reactor  
  46  5:45  Hellion x2  
  46  5:46  SCV x3  
  53  5:58  SCV x2  
  53  6:02  Raven  
  39  7:04  SCV x2  
  39  7:05  SCV, Barracks  
  39  7:07  Banshee  
  39  7:08  Cloaking Field  
  45  7:09  Factory Tech Lab  
  45  7:16  SCV x2  
  45  7:17  Refinery, SCV  
  45  7:18  Refinery  
  48  7:23  Barracks  
  48  7:24  Barracks  
  48  7:25  Barracks x2, Terran Infantry Weapons Level 1  
  48  7:27  Supply Depot  
  48  7:28  SCV  
  48  7:29  Armory  
  49  7:31  Engineering Bay  
  49  7:33  SCV x2, Marine  
  49  7:34  Marine  
  49  7:35  Marine  
  54  7:37  Combat Shield  
  54  7:40  SCV  
  55  7:50  SCV, Supply Depot  
  56  7:51  Marine  
  56  7:52  Marine x2  
  56  7:53  SCV  
  56  7:58  Siege Tank  
  63  8:07  Marine x2  
  63  8:09  Marine  
  63  8:10  Marine x2  
  63  8:12  Supply Depot  
  68  8:15  Planetary Fortress, Supply Depot  
  68  8:25  Marine x2  
  70  8:27  Marauder  
  70  8:30  Siege Tank  
  75  8:39  Sensor Tower  
  75  8:42  SCV x2, Missile Turret  
  77  8:54  SCV x2  
  78  9:04  Siege Tank  
  78  9:06  SCV  
  79  9:18  Command Center  
  79  9:36  Siege Tank  
  79  9:43  Raven  
  79  9:50  Command Center  
  79  9:51  SCV x2  
  81  9:55  Terran Infantry Armor Level 1, Terran Infantry Weapons Level 2  
  81  9:56  Terran Vehicle Weapons Level 1  
  81  10:03  SCV x2  
  73  10:26  Viking  
  75  10:35  SCV x2  
  77  10:36  Planetary Fortress  
  77  10:42  Refinery  
  77  10:44  Refinery  
  77  10:47  SCV x2  
  79  10:50  Sensor Tower  
  79  10:53  Sensor Tower  
  79  10:57  Marauder  
  79  10:58  Marine x8  
  79  10:59  SCV x2  
  86  11:11  SCV  
  86  11:15  Marine  
  88  11:19  Marauder  
  88  11:20  Raven  
  88  11:23  Barracks Reactor, Barracks Tech Lab x2  
  88  11:24  Barracks Reactor, Marine  
  93  11:27  Refinery x2  
  93  11:28  SCV x4  
  97  11:40  SCV x4, Marauder  
  103  11:47  Missile Turret  
  103  11:52  SCV, Marauder x2, Marine x4  
  112  11:57  Command Center  
  112  12:02  Marauder  
  112  12:03  Medivac  
  103  12:09  Marine  
  103  12:12  Siege Tank  
  103  12:13  Marauder x2, Marine  
  103  12:14  Marine x6  
  97  12:23  Marauder  
  97  12:27  Marine  
  97  12:31  Marine  
  97  12:35  Marauder  
  96  12:44  Marauder, Siege Tank  
  101  12:56  Raven  
  103  12:58  Marine  
  103  12:59  Marine x9  
  103  13:05  Marine  
  113  13:06  Terran Infantry Armor Level 2  
  113  13:07  Terran Infantry Weapons Level 3  
  113  13:08  Starport  
  113  13:09  Starport  
  113  13:10  Starport  
  114  13:16  Marine x2  
  114  13:17  Marine x2  
  112  13:51  Siege Tank  
  112  13:52  Marauder x2  
  112  13:53  Marauder, Marine x6  
  95  14:11  Marine x5, Viking x2  
  95  14:13  Marauder  
  95  14:14  Marauder  
  57  14:31  Planetary Fortress  
  57  14:34  SCV  
  57  14:35  Marauder  
  53  14:41  Viking  
  55  14:46  SCV  
  25  15:18  SCV  
  23  15:26  Barracks  
  23  15:27  Barracks  
  19  15:28  Barracks  
  19  15:30  SCV  
  16  15:41  Medivac  
  16  15:42  SCV  
  19  15:44  Liberator  
  22  15:54  SCV  
  23  16:06  SCV  
  24  16:11  Medivac  
  24  16:15  Command Center  
  24  16:16  Refinery  
  24  16:18  Marine x3  
  27  16:19  SCV  
  27  16:25  Refinery  
  30  16:30  Supply Depot x2  
  30  16:31  SCV  
  30  17:04  Barracks Tech Lab  
  30  17:11  SCV  
  31  17:23  SCV  
  32  17:35  SCV  
  33  17:47  SCV  
  25  17:53  Command Center  
  20  17:58  Marine  
  20  17:59  SCV  
  23  18:11  SCV  
Show
View Real Time Build Order
Export as new Build Order

Icon Terran - Winner!

Build Orders:  

Get SALT Encoding   

  12  0:00  SCV  
  13  0:12  SCV  
  14  0:18  Supply Depot  
  14  0:24  SCV  
  15  0:40  SCV, Barracks  
  16  0:52  Refinery, SCV  
  17  1:04  SCV  
  18  1:15  Supply Depot  
  18  1:17  SCV  
  19  1:28  Marine  
  20  1:38  Command Center  
  20  1:50  Orbital Command  
  20  1:57  Marine  
  21  2:02  Refinery  
  21  2:15  Marine  
  21  2:17  Bunker  
  21  2:21  Factory  
  22  2:25  SCV  
  23  2:33  Marine  
  24  2:38  SCV  
  25  2:45  Supply Depot  
  25  2:50  Orbital Command  
  25  2:55  Marine  
  26  3:00  SCV  
  27  3:06  Widow Mine  
  27  3:12  Starport  
  29  3:15  Marine  
  29  3:18  SCV  
  31  3:21  SCV  
  32  3:37  Hellion  
  28  3:55  Marine  
  26  3:59  Hellion  
  28  4:13  Marine  
  31  4:29  Widow Mine  
  31  4:30  SCV x2  
  33  4:40  Medivac  
  33  4:42  SCV x2  
  37  4:51  Widow Mine  
  39  4:54  SCV x2  
  41  5:06  SCV x2  
  43  5:09  Engineering Bay  
  43  5:12  Engineering Bay  
  43  5:13  Command Center  
  43  5:18  SCV x2  
  43  5:20  Factory Tech Lab, Starport Reactor  
  45  5:28  Barracks Tech Lab  
  45  5:29  Barracks x2  
  45  5:30  SCV  
  45  5:31  SCV  
  45  5:42  Supply Depot  
  45  5:43  SCV x2, Supply Depot, Siege Tank  
  45  5:44  Terran Infantry Armor Level 1, Terran Infantry Weapons Level 1  
  47  6:08  SCV x2  
  49  6:20  SCV  
  48  6:30  SCV  
  48  6:32  SCV, Siege Tank  
  53  6:33  Medivac  
  53  6:34  Marine  
  53  6:35  Stimpack  
  56  6:42  SCV  
  50  7:00  Barracks Reactor x2, Marine  
  51  7:03  SCV x2  
  53  7:10  Refinery  
  53  7:11  Refinery  
  53  7:18  Marine  
  53  7:19  Orbital Command  
  54  7:25  SCV x2  
  56  7:34  Barracks  
  56  7:35  Supply Depot  
  56  7:36  Marine  
  56  7:37  Barracks  
  57  7:40  Marine x4  
  57  7:41  Barracks  
  57  7:43  Barracks, Viking, Supply Depot  
  63  7:54  Marine  
  62  8:00  Marine x4, Supply Depot  
  62  8:02  Starport  
  66  8:08  Supply Depot  
  66  8:12  Marine  
  67  8:14  SCV x2  
  67  8:15  Combat Shield  
  67  8:17  Marine  
  67  8:18  Marine x2  
  72  8:23  Barracks Reactor  
  72  8:24  Armory  
  72  8:25  Barracks Tech Lab  
  72  8:31  Marine x4  
  72  8:32  Siege Tank  
  79  8:35  Marine  
  79  8:37  SCV  
  79  8:38  Refinery, SCV  
  71  9:17  Missile Turret  
  71  9:18  SCV x3  
  71  9:23  Starport Tech Lab, Missile Turret  
  74  9:24  Terran Vehicle Weapons Level 1  
  74  9:25  Terran Infantry Weapons Level 2  
  74  9:26  Terran Infantry Armor Level 2  
  74  9:27  Marine x5  
  74  9:28  Marine x5  
  74  9:29  Siege Tank  
  74  9:30  Medivac  
  86  9:45  Marine x2  
  74  9:47  Marine  
  74  9:48  Marine x3  
  74  9:50  SCV x3  
  81  9:53  Raven  
  68  10:21  Marine x5  
  69  10:22  Marine x3  
  76  10:32  Marine x2  
  76  10:33  Siege Tank  
  76  10:35  Viking x2  
  85  10:36  Viking  
  85  10:39  Marine  
  88  10:50  Marine x2  
  88  10:51  Marine x4  
  88  10:56  SCV x3  
  94  11:05  Viking, Medivac  
  94  11:08  SCV x3  
  94  11:19  Marine x2  
  94  11:20  SCV, Marine x7  
  94  11:21  Marine  
  94  11:22  Siege Tank  
  108  11:37  Marine x2  
  110  11:41  Marine x5, Command Center  
  110  11:42  Marine x2  
  117  11:47  Supply Depot  
  117  11:51  Command Center  
  117  11:53  Supply Depot  
  117  11:55  Supply Depot  
  117  12:06  Marine  
  117  12:07  Marine x3  
  117  12:08  Marine  
  110  12:22  Marine  
  110  12:23  Marauder, Marine x3  
  110  12:24  Marine  
  110  12:25  Widow Mine, Marine x2  
  110  12:26  Marauder, Marine, Medivac  
  126  12:45  Marauder  
  126  12:46  Widow Mine  
  130  12:59  Marine  
  130  13:00  Marine x7  
  130  13:01  Marine  
  139  13:06  Marine  
  139  13:07  Widow Mine  
  142  13:17  Marine  
  112  13:57  Marine x3  
  112  13:58  Marauder x2, Marine x5  
  116  14:19  Marauder, Siege Tank  
  116  14:20  Marauder  
  110  14:26  Marine x6  
  102  14:51  Siege Tank  
  91  14:58  Marine x6  
  87  15:06  Marine  
  87  15:07  Marine x3  
  77  15:16  Marine x2, Viking  
  77  15:18  Viking x2  
  85  15:23  Siege Tank  
  88  15:46  Viking  
  88  15:48  Viking x2  
  94  16:16  Viking  
  96  16:39  SCV  
  97  16:44  Orbital Command  
  97  16:46  Viking  
  99  16:51  SCV, Command Center  
  100  17:03  SCV  
  100  17:04  Command Center  
  100  17:07  Command Center  
  82  18:34  Missile Turret  
Tags
 
Matchup
TvT
Race
Terran
Replay Pack
Multiplayer
Spawn Locations
Cross Positions
Add a new tag
Caveats
  • Supply blocks, unpowered buildings, or Contaminate may cause inaccurate times.
  • Supply counts are checked every 10 seconds.